Map: Port Aleksander LE

Players

eGGz

  • Race: Zerg Zerg
  • League: Master
  • Spawn Location: 11:00

Lambo - Winner!

  • Race: Zerg Zerg
  • League: Master
  • Spawn Location: 5:00

VOD

Have the link to the VOD?

Description

Time

  • Played on: Dec. 8, 2018, 11 a.m.
  • Length: 9:06
Show
View Real Time Build Order
Export as new Build Order

eGGz Zerg 

Build Orders: Hatch First 

Get SALT Encoding   

  12  0:01  Drone  
  13  0:13  Overlord  
  13  0:18  Drone  
  14  0:33  Drone x2  
  16  0:51  Hatchery  
  16  0:54  Drone  
  16  0:59  Drone  
  16  1:01  Drone  
  18  1:09  Drone, Extractor  
  18  1:21  Spawning Pool  
  18  1:24  Drone  
  18  1:32  Drone  
  19  1:46  Drone  
  20  2:01  Overlord  
  20  2:08  Queen x2  
  20  2:09  Zergling x4  
  20  2:14  Drone  
  20  2:15  Drone  
  28  2:23  Drone  
  28  2:24  Metabolic Boost  
  28  2:29  Drone  
  30  2:41  Hatchery  
  30  2:43  Drone  
  30  2:57  Baneling Nest  
  29  2:59  Drone  
  29  3:00  Drone x2  
  32  3:07  Drone  
  32  3:08  Drone x2  
  32  3:11  Overlord  
  35  3:14  Extractor  
  35  3:15  Queen  
  37  3:31  Drone x3  
  37  3:32  Zergling x4  
  37  3:34  Overlord  
  42  3:35  Zergling x4  
  42  3:41  Baneling x2  
  43  3:46  Overlord  
  43  3:47  Overlord  
  43  3:57  Evolution Chamber  
  43  3:58  Drone  
  43  4:00  Zergling x2  
  43  4:01  Zergling x2  
  43  4:02  Baneling  
  45  4:07  Drone  
  45  4:08  Drone  
  45  4:09  Drone x3  
  50  4:16  Drone  
  51  4:22  Drone, Extractor  
  51  4:23  Drone x4  
  55  4:24  Roach Warren, Extractor  
  55  4:29  Zerg Missile Weapons Level 1  
  54  4:31  Drone x2  
  54  4:33  Drone  
  56  4:40  Drone  
  56  4:48  Zergling x6  
  56  4:50  Overlord  
  58  4:54  Drone x6  
  64  5:05  Drone  
  65  5:07  Overlord x2  
  65  5:09  Lair  
  65  5:10  Roach x3  
  70  5:25  Drone x3  
  70  5:26  Drone  
  70  5:28  Drone x2  
  76  5:30  Overlord  
  76  5:34  Roach x2  
  80  5:37  Drone x2  
  80  5:38  Drone  
  83  5:44  Drone x2  
  83  5:45  Extractor  
  83  5:46  Baneling x2  
  83  5:47  Extractor  
  83  5:53  Overlord  
  83  5:55  Roach x3  
  89  6:00  Overlord  
  89  6:01  Roach x2  
  93  6:04  Extractor  
  93  6:06  Evolution Chamber  
  93  6:07  Overlord, Hatchery  
  93  6:08  Roach x2  
  93  6:09  Roach  
  96  6:17  Overlord  
  96  6:18  Drone x3  
  98  6:19  Glial Reconstitution  
  98  6:22  Drone x2  
  98  6:23  Zerg Ground Armor Level 1  
  96  6:28  Overlord  
  95  6:33  Drone x4  
  95  6:35  Overlord, Zerg Missile Weapons Level 2  
  99  6:41  Roach x3  
  99  6:46  Roach x2  
  109  6:52  Roach x4  
  117  6:58  Overlord  
  117  7:00  Pneumatized Carapace  
  111  7:11  Roach x5  
  111  7:12  Roach x3  
  127  7:21  Drone x2, Overlord  
  127  7:22  Queen  
  129  7:23  Drone x2  
  129  7:24  Drone  
  134  7:39  Roach x3  
  134  7:40  Roach x5  
  152  7:44  Roach x3  
  152  7:50  Overlord, Ravager x3  
  152  7:51  Overlord  
  156  8:01  Overlord  
  156  8:02  Overlord  
  160  8:05  Roach x2  
  160  8:06  Roach x3  
  160  8:09  Roach x2  
  155  8:28  Roach  
  155  8:29  Roach x9  
  167  8:40  Roach x3  
Show
View Real Time Build Order
Export as new Build Order

Lambo Zerg - Winner!

Build Orders: Hatch First 

Get SALT Encoding   

  12  0:01  Drone  
  13  0:13  Overlord  
  13  0:18  Drone  
  14  0:31  Drone x2  
  16  0:49  Hatchery  
  15  0:53  Drone  
  15  0:56  Drone  
  17  1:00  Drone  
  18  1:10  Extractor  
  17  1:15  Spawning Pool  
  17  1:18  Drone  
  17  1:21  Drone  
  18  1:28  Drone  
  20  1:40  Drone  
  20  1:49  Drone  
  21  2:01  Drone, Overlord  
  22  2:02  Queen x2  
  26  2:12  Zergling x2  
  26  2:13  Drone  
  26  2:14  Metabolic Boost  
  28  2:23  Drone x2  
  30  2:34  Zergling x2  
  30  2:35  Zergling x2  
  32  2:43  Hatchery  
  31  2:46  Drone  
  32  2:51  Baneling Nest  
  32  2:53  Overlord  
  31  3:03  Drone  
  31  3:04  Drone  
  33  3:09  Drone x2  
  33  3:11  Drone  
  33  3:12  Drone x3  
  39  3:16  Zergling x2  
  39  3:18  Drone  
  41  3:23  Drone  
  41  3:24  Evolution Chamber  
  41  3:29  Queen  
  41  3:32  Drone  
  44  3:44  Overlord  
  44  3:49  Overlord  
  44  3:50  Zerg Missile Weapons Level 1  
  44  3:55  Drone x3  
  46  3:56  Drone x3  
  50  4:03  Drone x2  
  51  4:13  Drone x2, Roach Warren  
  51  4:15  Drone x2, Overlord  
  51  4:16  Drone, Extractor  
  55  4:17  Drone  
  55  4:18  Extractor  
  55  4:20  Baneling  
  55  4:21  Drone x2  
  56  4:24  Baneling  
  56  4:25  Baneling x3  
  56  4:28  Zergling x4  
  59  4:31  Zergling x4  
  59  4:38  Zergling x4  
  59  4:50  Drone x3  
  59  4:51  Lair  
  62  4:55  Drone x4  
  62  4:58  Drone  
  62  4:59  Drone x3  
  70  5:05  Drone  
  71  5:07  Drone  
  71  5:10  Extractor  
  71  5:13  Drone  
  72  5:18  Drone x2  
  74  5:22  Extractor x2  
  74  5:23  Drone x2  
  74  5:26  Overlord  
  74  5:28  Overlord  
  74  5:30  Overlord  
  74  5:38  Overlord  
  74  5:43  Hatchery  
  74  5:49  Drone x7  
  80  6:02  Roach x11  
  100  6:07  Evolution Chamber  
  99  6:11  Overseer  
  99  6:13  Drone  
  99  6:14  Drone x2  
  96  6:19  Roach x2  
  96  6:25  Roach x3  
  105  6:28  Glial Reconstitution, Zerg Missile Weapons Level 2  
  105  6:37  Pneumatized Carapace  
  105  6:41  Zerg Ground Armor Level 1  
  105  6:44  Overlord x2, Baneling x2  
  105  6:45  Overlord  
  104  6:47  Overlord  
  104  6:49  Overlord  
  104  6:50  Overlord x2  
  104  6:54  Overlord  
  104  7:00  Roach x4  
  111  7:03  Drone x2  
  111  7:04  Drone  
  111  7:06  Roach x5  
  124  7:10  Overlord  
  124  7:11  Overlord  
  124  7:13  Queen  
  124  7:15  Roach x2  
  130  7:20  Ravager x5  
  135  7:24  Roach x4  
  135  7:29  Roach x2  
  149  7:30  Roach  
  149  7:34  Roach x2  
  153  7:37  Overlord  
  153  7:38  Roach  
  155  7:44  Burrow  
  155  7:46  Tunneling Claws, Roach  
  155  7:47  Roach x2  
  160  7:58  Roach x3  
  160  7:59  Roach x4  
  160  8:03  Roach  
  160  8:04  Roach  
  177  8:08  Overlord  
  177  8:09  Overlord x2  
  177  8:12  Overlord  
  177  8:26  Roach x6  
  183  8:27  Overlord  
  175  8:35  Roach x5  
  175  8:40  Roach x3  
  179  8:46  Roach x4  
Tags
 
Add a new tag
Caveats
  • Supply blocks, unpowered buildings, or Contaminate may cause inaccurate times.
  • Supply counts are checked every 10 seconds.